 Dungeon Crawl Stone Soup version bcrawl-1.19.1 (webtiles) character file.

Game seed: 15306571276701984723

1073 Freyura the Cudgeler (level 8, -1/79 HPs)
             Began as a Gargoyle Fighter on Nov 22, 2019.
             Was a Follower of Zin.
             Killed from afar by an orc wizard (5 damage)
             ... with a puff of frost
             ... on level 5 of the Dungeon.
             The game lasted 00:18:51 (4609 turns).

Freyura the Cudgeler (Gargoyle Fighter)             Turns: 4609, Time: 00:18:52

Health: -1/79      AC: 24    Str: 19    XL:     8   Next: 28%
Magic:  8/8        EV:  2    Int: 15    God:    Zin [*.....]
Gold:   246        SH:  9    Dex: 11    Spells: 7/7 levels left

rFire    . . .     SeeInvis .   a - +0 flail
rCold    . . .     Gourm    .   c - +0 shield
rNeg     + + +     Faith    .   (armour currently unavailable)
rPois    ∞         Spirit   .   (helmet currently unavailable)
rElec    .         Reflect  .   (cloak currently unavailable)
rCorr    .         Harm     .   (gloves currently unavailable)
MR       .....     NoTele   +   (boots currently unavailable)
Stlth    +.........             (no amulet)
HPRegen  0.23/turn              (no ring)
MPRegen  0.11/turn              (no ring)

@: brilliant, tree-form
A: negative energy resistance 1, robust 1, evolution 1, petrification
resistance, rot immunity, AC +5
a: Recite, Donate Gold, Renounce Religion


You were on level 5 of the Dungeon.
You worshipped Zin.
Zin was aware of your devotion.
You were not hungry.
You were a tree.
You visited 1 branch of the dungeon, and saw 5 of its levels.
You also visited: Sewer.

You collected 273 gold pieces.
You donated 27 gold pieces to Zin.

Inventory:

Hand Weapons
 a - a +0 flail (weapon)
Armour
 b - a +0 scale mail
 c - a +0 shield (worn)
 d - a +0 helmet (melded)
 l - a +0 chain mail
 v - a +0 plate armour (melded)
 y - a +2 pair of boots (melded)
Wands
 q - a wand of random effects (11)
Scrolls
 h - 4 scrolls of identify
 i - 4 scrolls of teleportation
 j - 3 scrolls of remove curse
 t - 2 scrolls of fear
 w - a scroll of noise {unknown}
Potions
 g - a potion of might
 k - a potion of mutation
 m - 2 potions of flight
 o - a potion of agility {unknown}
 p - 2 potions of brilliance
 r - a potion of cancellation {unknown}
 s - a potion of magic
 u - a potion of heal wounds {unknown}
 x - a potion of degeneration {unknown}
Comestibles
 f - 6 rations {!d}


   Skills:
 + Level 5.3 Fighting
 * Level 5.8 Maces & Flails
 + Level 5.3 Armour
 + Level 3.0 Dodging
 + Level 5.1 Shields
 + Level 1.0 Invocations


You had 7 spell levels left.
You didn't know any spells.
Your spell library contained the following spells:

 Spells                   Type           Power        Failure   Level  Hunger
 Magic Dart               Conj           #...         11%         1    ##.....
 Searing Ray              Conj           #.....       16%         2    ###....
 Iskenderun's Mystic Bla  Conj           #.......     28%         3    ####...
 Fulminant Prism          Conj/Hex       #.........   61%         4    #####..
 Irradiate                Conj/Tmut      #.........   88%         5    ######.


Dungeon Overview and Level Annotations

Branches:
Dungeon (5/12)
 Temple: D:4-7

Altars:
Hepliaklqana
Qazlal
Sif Muna
Trog
Uskayaw
Wu Jian
Zin


Innate Abilities, Weirdness & Mutations

You are resistant to torment.
((Your stone body is resilient. (AC +5)))
You are immune to poison.
You resist negative energy. (rN+)
((You are resistant to electric shocks. (rElec)))
((You can survive without breathing.))
You are immune to petrification.
You are immune to rotting.
((You have large cloven feet.))
You are robust. (+10% HP)
You evolve.


Message History

It was a potion of brilliance.
You feel clever all of a sudden.
The orc wizard hits you but does no damage. x2
It was a potion of lignification.
You turn into a tree.
Your +0 helmet melds into your body.
Your +2 pair of boots melds into your body.
Your +0 plate armour melds into your body.
Your roots penetrate the ground.
Zin forgives your inadvertent chaotic act, just this once.
The orc wizard hits you but does no damage.
Something hits you but does no damage.
Okay, then.
You closely miss the orc wizard.
The orc wizard is almost dead.
The orc wizard casts a spell.
The orc wizard flickers and vanishes!
You hear some strange, mumbled words.
A puff of frost appears from out of thin air!
The puff of frost hits you!
You die...

#.. ...##... #..
....... ###.. .....#
###....## #...#
........###...#
#..##...# ##......###
#{{.†....#
#♣>####..... ##.##
#... ## #..## .. #..
## #...## . #..###.
##....###
.....#.####.........
.......#............#
..........#...###..##
........####...# ..#


There were no monsters in sight!

Vanquished Creatures
  An ogre (D:4)
  A centaur (D:5)
  3 big kobolds (Sewer)
  A gnoll sergeant (D:4)
  A howler monkey (D:5)
  2 crimson imps (D:4)
  2 orc priests (D:5)
  An orc wizard (D:4)
  5 worker ants
  A hound skeleton (D:4)
  A worker ant zombie (D:3)
  7 adders
  8 gnolls (D:4)
  4 adder zombies (D:3)
  7 oozes
  8 worms
  2 dart slugs (D:1)
  A leopard gecko (D:2)
  6 orcs
  9 giant cockroaches
  4 goblins
  12 hobgoblins
  9 jackals
  A quokka (D:2)
  3 ball pythons
  4 bats
  2 frilled lizards
  A jackal skeleton (D:4)
  9 kobolds
  3 quokka skeletons
  12 rats
131 creatures vanquished.

Notes
Turn   | Place    | Note
-------+----------+-------------------------------------------
     0 | D:1      | Freyura the Gargoyle Fighter began the quest for the Orb.
     0 | D:1      | Reached XP level 1. HP: 14/14 MP: 1/1
   313 | D:1      | Reached XP level 2. HP: 19/19 MP: 2/2
   492 | D:1      | Reached XP level 3. HP: 15/23 MP: 3/3
  1038 | D:2      | Found a bloodstained altar of Trog.
  1198 | D:2      | Reached skill level 1 in Dodging
  1198 | D:2      | Reached XP level 4. HP: 4/29 MP: 4/4
  2258 | D:3      | Reached XP level 5. HP: 23/33 MP: 5/5
  2339 | D:3      | Found a hazy altar of Hepliaklqana.
  2340 | D:3      | Found a hide-covered altar of Uskayaw.
  2340 | D:3      | Found a shimmering blue altar of Sif Muna.
  2341 | D:3      | Found a bloodstained altar of Trog.
  2840 | D:3      | Gained mutation: You have large cloven feet. [potion of
                  | mutation]
  2840 | D:3      | Gained mutation: You evolve. [potion of mutation]
  2917 | D:4      | Reached XP level 6. HP: 36/38 MP: 6/6
  2924 | D:4      | Gained mutation: You are robust. (+10% HP) [evolution]
  3149 | D:4      | Reached XP level 7. HP: 25/48 MP: 7/7
  3158 | D:4      | Found a glowing drain.
  3243 | Sewer    | Entered a sewer
  3531 | Sewer    | Reached skill level 5 in Maces & Flails
  3775 | D:4      | Reached skill level 5 in Fighting
  3800 | D:4      | Reached skill level 5 in Armour
  3810 | D:4      | Reached XP level 8. HP: 5/53 MP: 8/8
  4149 | D:4      | Found a glowing silver altar of Zin.
  4149 | D:4      | Noticed an angel
  4157 | D:4      | Became a worshipper of Zin the Law-Giver
  4157 | D:4      | Reached * piety under Zin
  4277 | D:4      | Found a stormy altar of Qazlal.
  4320 | D:4      | Found an ornate altar of the Wu Jian Council.
  4402 | D:5      | Entered Level 5 of the Dungeon
  4442 | D:5      | Reached skill level 5 in Shields
  4580 | D:5      | Reached skill level 1 in Invocations
  4598 | D:5      | HP: 2/53 [orc wizard/puff of flame (7)]
  4599 | D:5      | Zin protects you from harm!
  4609 | D:5      | Killed from afar by an orc wizard

Skill      XL: |  1  2  3  4  5  6  7  8 |
---------------+-------------------------+-----
Maces & Flails | 3 4 5 |  5.8
Dodging        | 1 2 3 |  3.0
Armour         | 4 5 |  5.3
Fighting       | 4 5 |  5.3
Shields        | 4 5 |  5.1
Invocations    | 1 |  1.0

Action                   |  1- 3 |  4- 6 |  7- 9 || total
-------------------------+-------+-------+-------++-------
Melee: Flail             |   132 |   227 |   273 ||   632
       Kick              |       |    32 |    47 ||    79
  Use: Potion            |       |     2 |     6 ||     8
       Scroll            |       |     6 |       ||     6
  Eat: Chunk             |     1 |     7 |     2 ||    10
       Ration            |       |       |     1 ||     1
Armor: Scale mail        |    67 |    60 |       ||   127
       Chain mail        |       |   145 |    57 ||   202
       Plate armour      |       |       |   182 ||   182
       Skin              |       |       |     2 ||     2
Dodge: Dodged            |    38 |    87 |    59 ||   184
Block: Shield            |    61 |   167 |   154 ||   382
